 Dungeon Crawl Stone Soup version 0.23-a0-644-gb60d84b635 (webtiles) character file.

42 HereIgoKillingAgain the Insei (level 3, 0/27 HPs)
             Began as a Demonspawn Gladiator on Jan 1, 2019.
             Slain by an orc
             ... wielding a +0 club
              (2 damage)
             ... on level 2 of the Dungeon.
             The game lasted 00:01:01 (1693 turns).

HereIgoKillingAgain the Insei (DsGl)                Turns: 1693, Time: 00:01:02

Health: 0/27       AC:  4    Str: 14    XL:     3   Next: 35%
Magic:  3/3        EV: 12    Int: 10    God:
Gold:   110        SH:  0    Dex: 14    Spells: 2/2 levels left

rFire    . . .     SeeInvis .     - Unarmed
rCold    . . .     Gourm    .   (no shield)
rNeg     . . .     Faith    .   a - +0 leather armour
rPois    .         Spirit   .   b - +0 helmet
rElec    .         Reflect  .   (no cloak)
rCorr    .         Harm     .   (no gloves)
MR       .....                  (no boots)
Stlth    +.........             (no amulet)
HPRegen  0.09/turn              (no ring)
MPRegen  0.08/turn              (no ring)

@: no status effects
A: demonic guardian 1
a: no special abilities


You were on level 2 of the Dungeon.
You were not hungry.

You visited 1 branch of the dungeon, and saw 3 of its levels.

You collected 110 gold pieces.

Inventory:

Missiles
 c - 2 throwing nets (quivered)
Armour
 a - a +0 leather armour (worn)
 b - a +0 helmet (worn)
Jewellery
 f - an uncursed amulet of the acrobat {unknown}
 k - an uncursed ring of stealth {unknown}
Scrolls
 h - 3 scrolls of remove curse {unknown}
 l - a scroll of identify {unknown}
 m - a scroll of blinking {unknown}
Potions
 e - 3 potions of curing {unknown}
 g - a potion of cancellation {unknown}
 i - 2 potions of degeneration {unknown}
 j - a potion of brilliance {unknown}
Comestibles
 d - 4 rations


   Skills:
 - Level 2.0 Fighting
 - Level 1.7 Throwing
 - Level 2.6 Dodging
 + Level 4.1 Unarmed Combat


You had 2 spell levels left.
You didn't know any spells.
Your spell library was empty.

Dungeon Overview and Level Annotations

Branches:
Dungeon (3/15)

Altars:


Innate Abilities, Weirdness & Mutations

A weak demonic guardian rushes to your aid.


Message History

Your ufetubus dies!
You hit the orc wizard.
The orc wizard is severely wounded.
The orc wizard barely misses you.
The orc priest mumbles some strange prayers to Beogh against you.
Pain shoots through your body!
* * * LOW HITPOINT WARNING * * *
Unknown command.
The orc wizard hits you but does no damage.
The orc barely misses you. The orc hits you but does no damage.
You climb upwards.
There is a stone staircase leading down here.
Unknown command.
You hit the orc wizard but do no damage.
The orc wizard is severely wounded.
The orc wizard points at you and mumbles some strange words.
The magic dart hits you!
* * * LOW HITPOINT WARNING * * *
The orc hits you but does no damage. The orc hits you with a +0 club.
You die...

#.#.............##
####.#.............##
####.##.'.............##
#.##.##.#.............##
#.##.##.#...).........##
#....#..'.............##
#.##....#....)........##
#.##..oo####..........##
#......@o..+..........'.
#.##....####..........#.
#.###.#.###############.
#.........# #.
#####.#.#.# #. #.#.#.#
#. #.###.# #.
####.....### #.
#..........# #.


You could see an orc wizard and 2 orcs.

Vanquished Creatures
  An adder (D:2)
  2 worms (D:2)
  A dart slug (D:2)
  3 goblins (D:2)
  2 hobgoblins (D:1)
  3 jackals (D:1)
  A bat (D:2)
  10 kobolds
  A rat (D:2)
24 creatures vanquished.

Notes
Turn   | Place    | Note
-------+----------+-------------------------------------------
     0 | D:1      | HereIgoKillingAgain the Demonspawn Gladiator began the
                  | quest for the Orb.
     0 | D:1      | Reached XP level 1. HP: 16/16 MP: 1/1
   109 | D:1      | Reached skill level 3 in Unarmed Combat
   426 | D:1      | Gained mutation: A weak demonic guardian rushes to your
                  | aid. [demonic ancestry]
   426 | D:1      | Reached XP level 2. HP: 22/22 MP: 2/2
  1161 | D:2      | Reached XP level 3. HP: 20/27 MP: 3/3
  1380 | D:2      | Reached skill level 4 in Unarmed Combat
  1693 | D:2      | Slain by an orc

Vault maps used:
D:1:      ebering_trefoil_twist, lexackson_kobold_supper
D:2:      serial_bayou_pond_d, grunt_ministairs_2, minmay_misc_feat_more_columns
D:3:      okawaru_gym_becter

Skill      XL: |  1  2  3 |
---------------+----------+-----
Unarmed Combat | 3 4 |  4.1
Fighting       | |  2.0
Throwing       | |  1.7
Dodging        | |  2.6

Action                   || total
-------------------------++-------
Melee: Unarmed           ||   110
Throw: Throwing net      ||     2
 Stab: Held in net/web   ||     1
       Sleeping          ||     1
  Eat: Chunk             ||     2
Armor: Leather armour    ||    53
Dodge: Dodged            ||    73

Table legend:
 A = Non-vault XP
 B = Vault XP
 C = Vault XP percentage of total XP
 D = Non-vault monster count
 E = Vault monster count
 F = Vault count percentage of total count
                 A         B        C        D         E       F
            +---------+---------+-------+---------+---------+-------
      Total |      46 |      15 |  24.6 |      17 |       7 |  29.2
            +---------+---------+-------+---------+---------+-------
        D:1 |      15 |       8 |  34.8 |       9 |       5 |  35.7
        D:2 |      31 |       7 |  18.4 |       8 |       2 |  20.0
            +---------+---------+-------+---------+---------+-------
